[ AOE2 MATCH · #506452643 ]
UnrankedTatars vs Maya
Player's team · LOSS
Rival team · WIN
[ REPLAY ANALYSIS · EXTRACTED FROM THE RECORDED GAME ]
Feudal
8:50
Castle
19:50
Imperial
—
| APM avg | 72.4 |
| APM peak | 108 |
| eAPM avg | 34.6 |
| Villagers / military | 82 / 37 |
Focus
⚔️ 41.8% · 🌾 58.2%
Skirmisher ×19 · Scout Cavalry ×10 · Cavalry Archer ×5 · Mangonel ×2 · Archer ×1
Feudal
9:15
Castle
20:00
Imperial
—
| APM avg | 52.5 |
| APM peak | 90 |
| eAPM avg | 22.0 |
| Villagers / military | 127 / 69 |
Focus
⚔️ 36.8% · 🌾 63.2%
Archer ×59 · Militia ×4 · Mangonel ×3 · Spearman ×3
Match map
Initial resources + every placement click. Lines = walls · curves = elevation contours. ◆ gold · ⬟ stone · ● berries · ✦ relic · ◌ wall gap
Your base· Open — opponent sealed themselves in
Attila Empires's base· ✓ Closed at 20:00 · 53t walls · no gate
Smoothed initial terrain · ◌ = detected wall gap · hover for details
Inputs per minute
— CNZS_迷你车仁 - - Attila Empires
Build order — CNZS_迷你车仁
First 150 of 219 actions detected
| 0:00 | Queue | Villager (Male) |
| 0:00 | Queue | Villager (Male) |
| 0:01 | Build | House |
| 0:02 | Build | House |
| 0:11 | Queue | Villager (Male) |
| 0:11 | Queue | Villager (Male) |
| 1:28 | Queue | Villager (Male) |
| 1:28 | Queue | Villager (Male) |
| 1:50 | Build | Lumber Camp |
| 1:55 | Queue | Villager (Male) |
| 1:55 | Queue | Villager (Male) |
| 2:17 | Queue | Villager (Male) |
| 2:17 | Queue | Villager (Male) |
| 2:40 | Queue | Villager (Male) |
| 2:40 | Queue | Villager (Male) |
| 3:15 | Queue | Villager (Male) |
| 3:15 | Queue | Villager (Male) |
| 3:25 | Build | House |
| 3:26 | Build | House |
| 3:32 | Queue | Villager (Male) |
| 3:32 | Queue | Villager (Male) |
| 3:40 | Queue | Villager (Male) |
| 3:48 | Build | Palisade Wall |
| 3:49 | Build | Palisade Wall |
| 3:50 | Build | Palisade Wall |
| 3:52 | Build | Palisade Wall |
| 3:58 | Build | Palisade Wall |
| 3:58 | Build | Palisade Wall |
| 3:59 | Build | Palisade Wall |
| 4:02 | Queue | Villager (Male) |
| 4:03 | Queue | Villager (Male) |
| 4:20 | Queue | Villager (Male) |
| 4:44 | Queue | Villager (Male) |
| 5:01 | Queue | Villager (Male) |
| 5:01 | Queue | Villager (Male) |
| 5:15 | Build | Mill |
| 5:19 | Queue | Villager (Male) |
| 5:19 | Queue | Villager (Male) |
| 5:53 | Research | Loom |
| 6:36 | Research | Feudal Age |
| 6:36 | Research | Feudal Age |
| 7:54 | Build | Barracks |
| 8:02 | Queue | Villager (Male) |
| 8:28 | Build | House |
| 8:50 | Age | Feudal Age |
| 8:53 | Build | Stable |
| 9:02 | Research | Double-Bit Axe |
| 9:04 | Queue | Villager (Male) |
| 9:22 | Queue | Villager (Male) |
| 9:25 | Build | Palisade Wall |
| 9:26 | Build | Palisade Wall |
| 9:29 | Queue | Villager (Male) |
| 9:35 | Build | House |
| 9:39 | Queue | Scout Cavalry |
| 9:40 | Queue | Scout Cavalry |
| 9:40 | Queue | Scout Cavalry |
| 9:45 | Build | Palisade Wall |
| 10:00 | Build | Palisade Gate |
| 10:13 | Queue | Scout Cavalry |
| 10:15 | Queue | Villager (Male) |
| 10:17 | Build | Farm |
| 10:18 | Build | Farm |
| 10:31 | Build | House |
| 10:32 | Build | House |
| 10:39 | Queue | Villager (Male) |
| 10:40 | Queue | Scout Cavalry |
| 10:40 | Queue | Scout Cavalry |
| 10:48 | Build | Farm |
| 10:58 | Build | Farm |
| 11:01 | Build | Farm |
| 11:05 | Queue | Villager (Male) |
| 11:23 | Build | Farm |
| 11:29 | Queue | Villager (Male) |
| 11:32 | Queue | Scout Cavalry |
| 11:32 | Queue | Scout Cavalry |
| 11:37 | Build | House |
| 11:52 | Queue | Villager (Male) |
| 11:53 | Build | Farm |
| 11:55 | Queue | Villager (Male) |
| 11:59 | Build | House |
| 12:02 | Build | Palisade Wall |
| 12:09 | Queue | Scout Cavalry |
| 12:52 | Queue | Villager (Male) |
| 12:55 | Build | Farm |
| 12:58 | Queue | Scout Cavalry |
| 13:08 | Build | Farm |
| 13:13 | Queue | Villager (Male) |
| 13:21 | Queue | Villager (Male) |
| 13:22 | Build | Mining Camp |
| 13:52 | Queue | Villager (Male) |
| 14:16 | Build | Blacksmith |
| 14:31 | Queue | Villager (Male) |
| 14:32 | Queue | Villager (Male) |
| 14:38 | Build | Farm |
| 14:41 | Queue | Villager (Male) |
| 14:51 | Queue | Villager (Male) |
| 14:53 | Build | Palisade Wall |
| 15:02 | Build | House |
| 15:03 | Build | House |
| 15:25 | Build | Farm |
| 15:27 | Queue | Villager (Male) |
| 15:36 | Queue | Villager (Male) |
| 15:43 | Build | House |
| 15:48 | Queue | Villager (Male) |
| 15:49 | Build | Farm |
| 16:28 | Build | Archery Range |
| 16:47 | Build | House |
| 16:55 | Research | Castle Age |
| 17:15 | Queue | Skirmisher |
| 17:20 | Build | Palisade Wall |
| 17:32 | Queue | Skirmisher |
| 17:41 | Build | Lumber Camp |
| 17:54 | Research | Fletching |
| 17:54 | Research | Padded Archer Armor |
| 17:56 | Research | Bloodlines |
| 17:57 | Research | Bloodlines |
| 18:11 | Build | Palisade Wall |
| 18:29 | Build | Palisade Wall |
| 18:35 | Build | House |
| 18:50 | Research | Gold Mining |
| 18:51 | Research | Gold Mining |
| 18:52 | Research | Horse Collar |
| 18:52 | Research | Horse Collar |
| 18:57 | Build | Farm |
| 18:57 | Build | Farm |
| 19:05 | Build | Palisade Wall |
| 19:09 | Queue | Skirmisher |
| 19:09 | Queue | Skirmisher |
| 19:10 | Queue | Villager (Male) |
| 19:11 | Queue | Villager (Male) |
| 19:20 | Build | Farm |
| 19:25 | Build | House |
| 19:45 | Build | Archery Range |
| 19:50 | Age | Castle Age |
| 20:02 | Build | Palisade Gate |
| 20:17 | Build | House |
| 20:32 | Queue | Villager (Male) |
| 20:33 | Research | Bodkin Arrow |
| 20:33 | Research | Bodkin Arrow |
| 20:41 | Queue | Villager (Male) |
| 20:56 | Build | Town Center |
| 21:02 | Queue | Skirmisher |
| 21:02 | Queue | Skirmisher |
| 21:03 | Queue | Skirmisher |
| 21:04 | Queue | Villager (Male) |
| 21:51 | Queue | Villager (Male) |
| 21:51 | Queue | Villager (Male) |
| 22:15 | Queue | Villager (Male) |
| 22:24 | Build | House |
| 22:29 | Build | Farm |
Build order — Attila Empires
First 150 of 245 actions detected
| 0:00 | Research | Loom |
| 0:01 | Queue | Villager (Male) |
| 0:01 | Queue | Villager (Male) |
| 0:02 | Queue | Villager (Male) |
| 0:02 | Build | House |
| 0:03 | Build | House |
| 1:35 | Queue | Villager (Male) |
| 1:35 | Queue | Villager (Male) |
| 1:51 | Build | Lumber Camp |
| 2:04 | Queue | Villager (Male) |
| 2:04 | Queue | Villager (Male) |
| 2:04 | Queue | Villager (Male) |
| 2:49 | Queue | Villager (Male) |
| 2:50 | Queue | Villager (Male) |
| 3:05 | Queue | Villager (Male) |
| 3:24 | Queue | Villager (Male) |
| 3:24 | Queue | Villager (Male) |
| 3:41 | Queue | Villager (Male) |
| 3:41 | Queue | Villager (Male) |
| 3:57 | Build | House |
| 4:01 | Queue | Villager (Male) |
| 4:01 | Queue | Villager (Male) |
| 4:08 | Queue | Villager (Male) |
| 5:10 | Queue | Villager (Male) |
| 5:10 | Queue | Villager (Male) |
| 5:11 | Queue | Villager (Male) |
| 5:17 | Queue | Villager (Male) |
| 5:17 | Queue | Villager (Male) |
| 5:41 | Build | House |
| 5:51 | Queue | Villager (Male) |
| 5:51 | Queue | Villager (Male) |
| 5:55 | Queue | Villager (Male) |
| 5:55 | Queue | Villager (Male) |
| 6:00 | Build | Barracks |
| 7:04 | Research | Feudal Age |
| 7:04 | Research | Feudal Age |
| 7:17 | Queue | Militia |
| 7:18 | Queue | Militia |
| 7:18 | Queue | Militia |
| 7:22 | Build | Mining Camp |
| 7:46 | Build | House |
| 7:49 | Queue | Militia |
| 8:22 | Build | House |
| 8:38 | Queue | Villager (Male) |
| 9:01 | Queue | Villager (Male) |
| 9:15 | Age | Feudal Age |
| 9:19 | Research | Man-at-Arms (upgrade) |
| 9:21 | Build | House |
| 9:31 | Research | Double-Bit Axe |
| 9:37 | Build | Mill |
| 9:40 | Build | Palisade Wall |
| 9:45 | Queue | Spearman |
| 9:50 | Queue | Villager (Male) |
| 9:58 | Queue | Villager (Male) |
| 9:58 | Queue | Villager (Male) |
| 10:35 | Build | Palisade Wall |
| 10:37 | Queue | Spearman |
| 10:38 | Queue | Villager (Male) |
| 10:52 | Queue | Villager (Male) |
| 11:04 | Build | House |
| 11:06 | Build | Palisade Wall |
| 11:12 | Queue | Villager (Male) |
| 11:30 | Research | Horse Collar |
| 11:30 | Research | Horse Collar |
| 11:36 | Build | Farm |
| 11:38 | Build | Farm |
| 11:39 | Build | Farm |
| 11:41 | Build | Farm |
| 11:42 | Queue | Villager (Male) |
| 11:58 | Build | Palisade Wall |
| 12:12 | Build | Palisade Wall |
| 12:13 | Build | Palisade Wall |
| 12:14 | Build | Palisade Wall |
| 12:19 | Queue | Spearman |
| 12:20 | Queue | Villager (Male) |
| 12:20 | Queue | Villager (Male) |
| 12:22 | Build | Farm |
| 12:24 | Build | Farm |
| 12:36 | Queue | Villager (Male) |
| 12:36 | Queue | Villager (Male) |
| 12:46 | Queue | Villager (Male) |
| 12:47 | Queue | Villager (Male) |
| 12:54 | Build | Palisade Wall |
| 12:56 | Build | Palisade Wall |
| 13:01 | Queue | Villager (Male) |
| 13:01 | Queue | Villager (Male) |
| 13:01 | Queue | Villager (Male) |
| 13:20 | Build | Archery Range |
| 13:21 | Queue | Villager (Male) |
| 13:21 | Queue | Villager (Male) |
| 13:24 | Build | Farm |
| 13:42 | Build | House |
| 13:50 | Queue | Villager (Male) |
| 13:50 | Queue | Villager (Male) |
| 14:17 | Build | House |
| 14:23 | Queue | Archer |
| 14:24 | Queue | Archer |
| 14:34 | Queue | Archer |
| 14:52 | Queue | Villager (Male) |
| 14:52 | Queue | Villager (Male) |
| 14:55 | Build | Farm |
| 14:56 | Build | Farm |
| 14:59 | Build | Farm |
| 15:26 | Build | House |
| 15:27 | Queue | Archer |
| 15:43 | Build | House |
| 15:44 | Queue | Villager (Male) |
| 15:45 | Queue | Villager (Male) |
| 15:54 | Research | Wheelbarrow |
| 16:09 | Build | Blacksmith |
| 16:19 | Queue | Archer |
| 16:51 | Build | Lumber Camp |
| 17:04 | Research | Castle Age |
| 17:04 | Research | Castle Age |
| 17:24 | Queue | Archer |
| 17:35 | Build | Archery Range |
| 17:38 | Queue | Archer |
| 17:45 | Queue | Archer |
| 17:51 | Research | Fletching |
| 17:57 | Build | Farm |
| 17:58 | Build | Farm |
| 18:17 | Queue | Archer |
| 18:21 | Research | Padded Archer Armor |
| 18:29 | Build | Farm |
| 18:32 | Queue | Archer |
| 18:44 | Queue | Archer |
| 18:45 | Queue | Archer |
| 19:07 | Queue | Archer |
| 19:15 | Queue | Villager (Male) |
| 19:27 | Build | House |
| 19:40 | Queue | Villager (Male) |
| 19:42 | Queue | Archer |
| 19:44 | Queue | Archer |
| 19:50 | Build | House |
| 19:52 | Build | House |
| 19:56 | Queue | Archer |
| 19:57 | Queue | Archer |
| 20:00 | Age | Castle Age |
| 20:02 | Research | Crossbowman (upgrade) |
| 20:02 | Research | Crossbowman (upgrade) |
| 20:07 | Build | Town Center |
| 20:22 | Queue | Archer |
| 20:32 | Research | Bodkin Arrow |
| 20:32 | Research | Bodkin Arrow |
| 20:36 | Build | Town Center |
| 20:38 | Queue | Villager (Male) |
| 20:39 | Queue | Villager (Male) |
| 20:43 | Queue | Archer |
| 20:43 | Queue | Archer |
| 20:48 | Queue | Villager (Male) |
Match timeline
| 3:48 | CNZS_迷你车仁 · wall_segment Palisade Wall x1 |
| 3:49 | CNZS_迷你车仁 · wall_segment Palisade Wall x1 |
| 3:50 | CNZS_迷你车仁 · wall_segment Palisade Wall x1 |
| 3:52 | CNZS_迷你车仁 · wall_segment Palisade Wall x1 |
| 3:58 | CNZS_迷你车仁 · wall_segment Palisade Wall x1 |
| 3:58 | CNZS_迷你车仁 · wall_segment Palisade Wall x1 |
| 3:59 | CNZS_迷你车仁 · wall_segment Palisade Wall x1 |
| 6:00 | Attila Empires · first_building Barracks |
| 7:54 | CNZS_迷你车仁 · first_building Barracks |
| 8:50 | CNZS_迷你车仁 · age_up feudal |
| 8:53 | CNZS_迷你车仁 · first_building Stable |
| 9:15 | Attila Empires · age_up feudal |
| 9:25 | CNZS_迷你车仁 · wall_segment Palisade Wall x3 |
| 9:26 | CNZS_迷你车仁 · wall_segment Palisade Wall x5 |
| 9:40 | Attila Empires · wall_segment Palisade Wall x1 |
| 9:45 | CNZS_迷你车仁 · wall_segment Palisade Wall x1 |
| 10:35 | Attila Empires · wall_segment Palisade Wall x8 |
| 11:06 | Attila Empires · wall_segment Palisade Wall x6 |
| 11:58 | Attila Empires · wall_segment Palisade Wall x15 |
| 12:02 | CNZS_迷你车仁 · wall_segment Palisade Wall x14 |
| 12:12 | Attila Empires · wall_segment Palisade Wall x6 |
| 12:13 | Attila Empires · wall_segment Palisade Wall x1 |
| 12:14 | Attila Empires · wall_segment Palisade Wall x7 |
| 12:54 | Attila Empires · wall_segment Palisade Wall x3 |
| 12:56 | Attila Empires · wall_segment Palisade Wall x6 |
| 13:20 | Attila Empires · first_building Archery Range |
| 14:53 | CNZS_迷你车仁 · wall_segment Palisade Wall x1 |
| 16:28 | CNZS_迷你车仁 · first_building Archery Range |
| 17:20 | CNZS_迷你车仁 · wall_segment Palisade Wall x5 |
| 18:11 | CNZS_迷你车仁 · wall_segment Palisade Wall x5 |
| 18:29 | CNZS_迷你车仁 · wall_segment Palisade Wall x1 |
| 19:05 | CNZS_迷你车仁 · wall_segment Palisade Wall x1 |
| 19:50 | CNZS_迷你车仁 · age_up castle |
| 20:00 | Attila Empires · age_up castle |
| 24:00 | Attila Empires · first_building Siege Workshop |
| 26:50 | CNZS_迷你车仁 · first_building Siege Workshop |
| 27:56 | Attila Empires · first_building Castle |
| 28:34 | CNZS_迷你车仁 · resign |
[ AI ANALYSIS · 1 CREDIT ]
What really happened in this match?
Wolo.gg analyzes every decision: build order, eco, micro, common mistakes by bracket. Personalized analysis on WhatsApp or Discord in 30 seconds.
Civ guide
Tatars
Perfil
Jugador #5036165